 Dungeon Crawl Stone Soup version 0.22.0-75-g3901e79 (webtiles) character file.

44 Fang the Skirmisher (level 3, -3/36 HPs)
             Began as a Gargoyle Berserker on Sept 14, 2018.
             Was a Believer of Trog.
             Slain by an adder (4 damage)
             ... on level 2 of the Dungeon.
             The game lasted 00:02:00 (1290 turns).

Fang the Skirmisher (Gargoyle Berserker)            Turns: 1290, Time: 00:02:01

Health: -3/36      AC:  5    Str: 26    XL:     3   Next: 62%
Magic:  3/3        EV: 12    Int:  7    God:    Trog [**....]
Gold:   156        SH:  0    Dex:  9    Spells: 2/2 levels left

rFire    . . .     SeeInvis .   a - +0 hand axe
rCold    . . .     Gourm    .   (no shield)
rNeg     + . .     Faith    .   b - +0 animal skin
rPois    ∞         Spirit   .   (no helmet)
rElec    +         Reflect  .   i - scarf {cloud immunity}
rCorr    .         Harm     .   (no gloves)
MR       .....                  (no boots)
Stlth    ..........             (no amulet)
HPRegen  0.12/turn              (no ring)
MPRegen  0.08/turn              (no ring)

@: berserking, very quick
A: negative energy resistance 1, electricity resistance, unbreathing,
petrification resistance, rot immunity, AC +3
a: Berserk, Trog's Hand, Renounce Religion


You were on level 2 of the Dungeon.
You worshipped Trog.
Trog was pleased with you.
You were very hungry.

You visited 1 branch of the dungeon, and saw 2 of its levels.

You collected 156 gold pieces.

Inventory:

Hand Weapons
 a - a +0 hand axe (weapon)
Armour
 b - a +0 animal skin (worn)
 i - a scarf of cloud immunity (worn)
Scrolls
 d - 3 scrolls of identify {unknown}
 f - 5 scrolls of teleportation {unknown}
 g - a scroll of immolation {unknown}
Potions
 e - 2 potions of heal wounds {unknown}
 h - a potion of curing {unknown}
 j - a potion of degeneration {unknown}
Comestibles
 c - 3 rations


   Skills:
 + Level 3.8 Fighting
 + Level 3.4 Axes
 + Level 2.3 Armour
 + Level 2.0 Dodging
 + Level 0.1 Stealth


You had 2 spell levels left.
You didn't know any spells.
Your spell library was empty.

Dungeon Overview and Level Annotations

Branches:
Dungeon (2/15)

Altars:


Innate Abilities, Weirdness & Mutations

You are resistant to torment.
Your stone body is resilient. (AC +3)
You are immune to poison.
You resist negative energy. (rN+)
You are resistant to electric shocks. (rElec)
You can survive without breathing.
You are immune to petrification.
You are immune to rotting.


Message History

* * * LOW HITPOINT WARNING * * *
A red film seems to cover your vision as you go berserk!
You feel yourself moving faster!
You feel mighty!
You are feeling very hungry.
The adder bites you but does no damage. The adder closely misses you.
The hobgoblin closely misses you. The adder bites you.
* * * LOW HITPOINT WARNING * * *
The adder closely misses you.
You hit the worm.
The worm is heavily wounded.
You closely miss the hobgoblin. You barely miss the adder.
You closely miss the adder. The hobgoblin misses you.
The adder barely misses you. The adder completely misses you.
The worm bites you!
* * * LOW HITPOINT WARNING * * *
You barely miss the worm.
The worm is heavily wounded.
You closely miss the hobgoblin. You barely miss the adder. You miss the adder.
The adder bites you.
You die...

...... ##.........
.#.### #.......=..
.... #.....?.... .###
#..........
#....>.....
#..........
#gSS...... # #.@w...#
. ###.###### .#
#.....# ..# #..8..##
#.# #.8_8..#####
####..#
#..8.......###....#
#..............<#####
##.##......####......
#.........# ######.


You could see a worm, 2 adders and a hobgoblin.

Vanquished Creatures
  A gnoll (D:1)
  A dart slug (D:1)
  5 bats (D:1)
  A giant cockroach (D:1)
  6 goblins
  2 hobgoblins
  A ball python (D:1)
  7 frilled lizards
  7 kobolds
  4 rats
35 creatures vanquished.

Notes
Turn   | Place    | Note
-------+----------+-------------------------------------------
     0 | D:1      | Fang the Gargoyle Berserker began the quest for the Orb.
     0 | D:1      | Reached XP level 1. HP: 14/14 MP: 1/1
    62 | D:1      | Reached XP level 2. HP: 19/19 MP: 2/2
   310 | D:1      | Reached XP level 3. HP: 13/23 MP: 3/3
   873 | D:1      | Reached ** piety under Trog
  1271 | D:2      | Found a faded altar of an unknown god.
  1289 | D:2      | HP: 1/36 [worm (7)]
  1290 | D:2      | Slain by an adder

Skill      XL: |  1  2  3 |
---------------+----------+-----
Axes           | 3 |  3.4
Dodging        | 2 |  2.0
Fighting       | |  3.8
Armour         | |  2.3
Stealth        | |  0.1

Action                   || total
-------------------------++-------
Melee: Hand axe          ||    95
Invok: Berserk           ||     2
  Eat: Chunk             ||     2
Armor: Animal skin       ||    44
Dodge: Dodged            ||    88
